 Seeded DCSS version 0.28-a0-1510-gd0f6b136d3 (webtiles) character file.

Game seed: 15378035470802135434 (custom seed)

49 murtidash the Magician (level 4, -2/31 HPs)
             Began as a Djinni Ice Elementalist on Jan 15, 2022.
             Killed by divine providence
             ... invoked by an orc priest
              (11 damage)
             ... on level 3 of the Dungeon.
             The game lasted 00:01:38 (2743 turns).

murtidash the Magician (Djinni Ice Elementalist)    Turns: 2743, Time: 00:01:38

Health: -2/31      AC:  2    Str:  7    XL:     4   Next: 1%
Gold:   28         EV: 27    Int: 18    God:
                   SH:  0    Dex: 14

rFire   + + .      SeeInvis .   k - +2 dagger (venom)
rCold   x . .      Faith    .   (no shield)
rNeg    . . .      Spirit   .   a - +0 robe
rPois   ∞          Reflect  .   (no helmet)
rElec   .          Harm     .   (no cloak)
rCorr   .          Rampage  .   (no gloves)
Will    .....                   (boots unavailable)
Stlth   ++........              d - amulet of the acrobat
HPRegen 0.10/turn               (no ring)
MPRegen 0.00/turn               (no ring)

@: acrobatic, freezing walls, flying
A: sickness immunity, fire resistance 2, cold vulnerability 1, float, innate
caster, hp casting, extra vitality 1
a: no special abilities


You were on level 3 of the Dungeon.
You visited 1 branch of the dungeon, and saw 3 of its levels.

You collected 28 gold pieces.

Inventory:

Hand Weapons
 e - a +0 whip
   (You found it on level 1 of the Dungeon)
 k - a +2 dagger of venom (weapon)
   (You took it off a goblin on level 3 of the Dungeon)
Armour
 a - a +0 robe (worn)
Jewellery
 d - an amulet of the acrobat (around neck)
   (You found it on level 1 of the Dungeon)
 j - the ring of Shadows {Umbra +Inv Stlth+}
   (You found it on level 2 of the Dungeon)

   [ring of stealth]

   It surrounds you with an aura of shadow, increasing your stealth and reducing
   the accuracy of all others within it.
   +Inv:      It lets you turn invisible.
   Stlth:     It makes you more stealthy.
Scrolls
 c - a scroll of brand weapon {unknown}
 f - 3 scrolls of magic mapping {unknown}
 g - a scroll of summoning {unknown}
 h - 3 scrolls of identify {unknown}
 l - a scroll of enchant armour {unknown}
Potions
 b - a potion of invisibility {unknown}
 i - a potion of haste {unknown}


   Skills:
 + Level 1.2 Armour
 - Level 2.1 Dodging
 - Level 1.5 Stealth
 * Level 4.0 Spellcasting


You couldn't memorise any spells.
You knew the following spells:

 Your Spells              Type           Power      Damage    Failure   Level
a - Frozen Ramparts       Ice            36%        1d5       9%          3
s - Slow                  Hex            72%        N/A       2%          1
A - Ozocubu's Armour      Ice            18%        N/A       9%          3
X - Hailstorm             Conj/Ice       18%        3d6       26%         4
Z - Freeze                Ice            72%        1d9       2%          1
Your spell library was empty.

Dungeon Overview and Level Annotations

Branches:
Dungeon (3/15)

Altars:


Innate Abilities, Weirdness & Mutations

You are immune to sickness and miasma.
You are immune to poison.
Your flesh is very heat resistant. (rF++)
You are vulnerable to cold. (rC-)
You float through the air rather than walking.
You learn spells naturally, not from books.
Your magical power is your life essence.
You have superior vitality. (+4 MHP)


Message History

g - Guard the area. f - Follow me.
Anything else - Cancel.
You shout for attention!
You hear an angry hiss.
An adder comes into view.
Aim: a bat You freeze the bat!
You kill the bat!
You take 1 damage, and have 24/25 hp.
Aim: an adder You miscast Freeze.
You are very lightly contaminated with residual magic.
Nothing appears to happen.
The adder misses you.
The goblin hits you with a +2 dagger of venom.
You take 4 damage, and have 20/25 hp.
Aim: an adder You freeze the adder.
The adder bites you. The goblin completely misses you.
You take 6 damage, and have 14/25 hp.
MASSIVE DAMAGE!!
Aim: an adder (heavily wounded)
You freeze the adder!
You kill the adder!
The goblin hits you with a +2 dagger of venom.
Your Armour skill increases to level 1!
Your Spellcasting skill increases to level 4!
You take 3 damage, and have 11/25 hp.
Aim: a goblin, wielding a +2 dagger of venom You freeze the goblin!
You kill the goblin!
You take 1 damage, and have 10/25 hp.
You see here a +2 dagger of venom.
k - a +2 dagger of venom Your magical contamination has completely faded away.
There is a stone staircase leading up here.
Your +2 dagger of venom begins to drip with poison!
k - a +2 dagger of venom (weapon)
l - a scroll labelled EBBIYBLEXKA Health restored: 25 You see here a +0 mace.
h - 3 scrolls labelled EDOSIY FAEKOYC (gained 1)
An orc comes into view. It is wielding a +0 whip.
The orc shouts!
You hear a shout! x2
Aim: an orc, wielding a +0 whip You freeze the orc.
The orc misses you.
You take 1 damage, and have 24/25 hp.
Aim: an orc, wielding a +0 whip (almost dead)
You freeze the orc!
You kill the orc!
You take 1 damage, and have 23/25 hp.
You can't see any susceptible monsters within range! (Use Z to cast anyway.)
You can't see any susceptible monsters within range! (Use Z to cast anyway.)
An orc comes into view. It is wielding a +0 dagger.
You can't see any susceptible monsters within range! (Use Z to cast anyway.)
Okay, then.
Unknown command.
An orc comes into view. It is wielding a +0 hand axe.
The spell is quite dangerous to miscast (9% risk of failure)!
Continue anyway?
The walls around you are covered in ice.
The wall freezes the orc. x2
You take 3 damage, and have 21/25 hp.
Aim: an orc, wielding a +0 dagger (heavily wounded)
You freeze the orc.
The wall freezes the orc.
You kill the orc!
The wall freezes the orc.
You kill the orc!
You take 1 damage, and have 20/25 hp.
What are your orders? t - Shout!
Orders for allies: a - Attack new target. r - Retreat! s - Stop attacking. g - Guard the area. f - Follow me.
Anything else - Cancel.
You shout for attention!
The frozen ramparts melt away.
An orc comes into view. It is wielding a +0 dagger.
The spell is quite dangerous to miscast (9% risk of failure)!
Continue anyway?
The walls around you are covered in ice.
The wall freezes the orc.
You take 3 damage, and have 17/25 hp.
The wall freezes the orc.
The wall freezes the orc.
You kill the orc!
You have reached level 4!
You feel agile.
You regained 4 hp, and now have 22/31 hp.
The frozen ramparts melt away.
An orc priest comes into view. It is wielding a +0 flail.
You regained 4 hp, and now have 26/31 hp.
The spell is quite dangerous to miscast (9% risk of failure)!
Continue anyway?
Okay, then.
The spell is quite dangerous to miscast (9% risk of failure)!
Continue anyway?
The walls around you are covered in ice.
You take 3 damage, and have 23/31 hp.
The wall freezes the orc priest. x2
The orc priest calls down the wrath of Beogh upon you.
Beogh smites you!
* * * LOW HITPOINT WARNING * * *
You take 14 damage, and have 9/31 hp.
MASSIVE DAMAGE!!
The wall freezes the orc priest.
The orc priest mumbles some strange prayers to Beogh against you.
Beogh smites you!
You die...

#### #... #...
##################..†
#.o)@................
#.############.......
...........#.
...........#.
####.......#.
###...###. #...# #.
###.# #. #.# ##


You could see an orc priest.

Vanquished Creatures
  2 adders
  A worm (D:2)
  A dart slug (D:1)
  4 orcs (D:3)
  4 bats
  An endoplasm (D:1)
  A giant cockroach (D:1)
  3 hobgoblins
  3 quokkas
  A frilled lizard (D:2)
  A goblin (D:3)
22 creatures vanquished.

Notes
Turn   | Place    | Note
-------+----------+-------------------------------------------
     0 | D:1      | murtidash the Djinni Ice Elementalist began the quest for
                  | the Orb.
     0 | D:1      | Reached XP level 1. HP: 15/15 MP: 0/0
   445 | D:1      | Reached XP level 2. HP: 7/21 MP: 0/0
   985 | D:1      | Found a faded altar of an unknown god.
  1226 | D:2      | HP: 3/21 [worm (10)]
  1551 | D:2      | Reached XP level 3. HP: 19/25 MP: 0/0
  1551 | D:2      | Learned a level 1 spell: Slow
  2235 | D:2      | Found the ring of Shadows {Umbra +Inv Stlth+}
  2474 | D:3      | Reached skill level 1 in Armour
  2474 | D:3      | Reached skill level 4 in Spellcasting
  2704 | D:3      | Reached XP level 4. HP: 22/31 MP: 0/0
  2743 | D:3      | Killed from afar by an orc priest

Illustrated notes

Levels and vault maps discovered:
D:1:      lightli_arrival_windingriver, layout_basic, basic_ecumenical_altar,
          hangedman_abyss_or_decor_lesser_grid
D:2:      layout_basic, minmay_misc_feat_rows
D:3:      layout_loops_ring, chequers_serial_rivers_micro_e

Skill      XL: |  1  2  3 |
---------------+----------+-----
Armour         | 1 |  1.2
Spellcasting   | 4 |  4.0
Dodging        | |  2.1
Stealth        | |  1.5

Action                   |  1- 3 |  4- 6 || total
-------------------------+-------+-------++-------
Melee: Unarmed           |     2 |       ||     2
       Whip              |     3 |       ||     3
 Cast: Freeze            |    39 |       ||    39
       Frozen Ramparts   |     2 |     1 ||     3
Armor: Robe              |     2 |       ||     2
Dodge: Dodged            |    31 |       ||    31

Table legend: (Time is in decaauts)
 A = Elapsed time spent in this place.
 B = Non-inter-level travel time spent in this place.
 C = Inter-level travel time spent in this place.
 D = Time resting spent in this place.
 E = Time spent auto-exploring this place.
 F = Levels seen in this place.
 G = Mean time per level.
                   A        B        C        D        E       F      G
               +--------+--------+--------+--------+--------+-----+--------+
         Total |   2741 |   2692 |     49 |      0 |   2531 |   3 |  913.7 |
       Dungeon |   2741 |   2692 |     49 |      0 |   2531 |   3 |  913.7 |
               +--------+--------+--------+--------+--------+-----+--------+

Top non-repeatable levels by time:
     D:2: 1254 daAuts
     D:1: 1209 daAuts
     D:3: 278 daAuts

Table legend:
 A = Kills in this place as a percentage of kills in entire the game.
 B = Kills by you in this place as a percentage of kills by you in the entire game.
 C = Kills by friends in this place as a percentage of kills by friends in the entire game.
 D = Other kills in this place as a percentage of other kills in the entire game.
 E = Experience gained in this place as a percentage of experience gained in the entire game.
 F = Experience gained in this place divided by the number of levels of this place that you have seen.
                   A       B       C       D       E      F
               +-------+-------+-------+-------+-------+----------------------
         Total | 100.0 | 100.0 |   N/A |   N/A | 100.0 |  23.3
       Dungeon | 100.0 | 100.0 |   N/A |   N/A | 100.0 |  23.3
               +-------+-------+-------+-------+-------+----------------------
